 Dungeon Crawl Stone Soup version 0.17.1-2-g5865329 (webtiles) character file.

203 Aarh the Ruffian (level 5, 0/46 (47) HPs)
             Began as a Ghoul Monk on Feb 16, 2016.
             Slain by an orc
             ... wielding a +0 trident
              (3 damage)
             ... on level 3 of the Dungeon.
             The game lasted 00:15:15 (2829 turns).

Aarh the Ruffian (Ghoul Monk)                       Turns: 2829, Time: 00:15:15

HP:   0/46 (47)     AC:  6    Str: 15    XL:     5   Next: 81%
MP:   4/4           EV:  8    Int:  6    God:
Gold: 93            SH:  0    Dex: 11    Spells: 0 memorised, 4 levels left

rFire  . . .     SeeInvis .       - Unarmed
rCold  + . .     Clarity  .     l - +0 leather armour
rNeg   + + +     SustAt   .     (no shield)
rPois  ∞         Gourm    .     (no helmet)
rElec  .         Spirit   .     (no cloak)
rCorr  .         Warding  .     f - +1 pair of gloves
rMut   .         Stasis   .     a - +0 pair of boots
MR     .....                    (no amulet)
Stlth  ++........               (no ring)
                                (no ring)

@: rotting, not resistant to hostile enchantments, unstealthy
A: rotting body, claws 1, carnivore 3, cold resistance 1, negative energy
resistance 3, slow regeneration 1, torment resistance, unbreathing
a: no special abilities


You were on level 3 of the Dungeon.
You were not hungry.

You visited 1 branch of the dungeon, and saw 5 of its levels.

You collected 93 gold pieces.

Inventory:

Hand Weapons
 g - a +0 hand axe
   (You took it off an orc on level 4 of the Dungeon)
 j - a +0 mace
   (You found it on level 1 of the Dungeon)
Missiles
 o - 69 stones (quivered)
 u - 12 tomahawks
Armour
 a - a +0 pair of boots (worn)
   (You found it on level 2 of the Dungeon)
 f - a +1 pair of gloves (worn)
   (You found it on level 1 of the Dungeon)
 k - a +0 chain mail
   (You found it on level 1 of the Dungeon)
 l - a +0 leather armour (worn)
   (You found it on level 1 of the Dungeon)
Jewellery
 r - an uncursed ring of ice
   (You found it on level 1 of the Dungeon)
Scrolls
 c - a scroll of identify
 q - a scroll of fear
Potions
 d - 2 potions of flight
 h - a potion of cure mutation
 p - a potion of heal wounds {unknown}
Comestibles
 b - 2 meat rations
 i - a royal jelly


   Skills:
 * Level 4.4 Fighting
 + Level 1.1 Armour
 * Level 3.9 Dodging
 * Level 3.5 Stealth
 + Level 5.0 Unarmed Combat


You had 4 spell levels left.
You didn't know any spells.

Dungeon Overview and Level Annotations

Branches:
Dungeon (5/15)
 Temple: D:4-7

Altars:
Nemelex Xobeh

Annotations:
D:2 Sigmund
D:3 Terence
D:4 Menkaure, Pikel, Robin


Innate Abilities, Weirdness & Mutations

Your body is rotting away.
You thrive on raw meat.
You are immune to poison.
You have sharp fingernails.
You are carnivorous and can eat meat at any time.
Your flesh is cold resistant.
You are immune to negative energy.
You regenerate slowly when monsters are visible.
You are immune to unholy pain and torment.
You can survive without breathing.


Message History

A hobgoblin comes into view. It is wielding a club.
Menkaure shouts!
The goblin shouts!
Robin shouts!
The hobgoblin shouts!
Menkaure breathes soot at you. Robin throws the goblin at you!
The slave shouts!
The slave shouts!
The slave hits you. The slave hits you but does no damage.
The slave shouts! x2
Pikel says, "Who am I kidding?
They'll work you to death!"
Things that are here:
a dagger; a robe
There is a stone staircase leading up here.
The slave closely misses you.
You climb upwards.
Level annotation: Terence An orc comes into view.
It is wielding a dagger.
The quokka bites you. The goblin hits you but does no damage.
The quokka misses you. The goblin hits you but does no damage.
There is a stone staircase leading down here.
The orc shouts!
The goblin closely misses you.
There is an open door here.
The orc priest invokes the aid of Beogh against you.
Something smites you! The quokka barely misses you.
A rat comes into view.
The quokka closely misses you.
The orc priest invokes the aid of Beogh against you.
Something smites you!
* * * LOW HITPOINT WARNING * * *
There is an open door here.
An adder comes into view.
The quokka completely misses you. The rat barely misses you.
A goblin comes into view. It is wielding a dagger.
The orc priest miscasts a cantrip.
You see here a leather armour.
The quokka barely misses you.
The orc shouts! x2
The goblin hits you but does no damage. The orc barely misses you.
The orc priest casts a cantrip, but nothing happens.
The orc hits you from afar with a trident!
* * * LOW HITPOINT WARNING * * *
The orc closely misses you. The quokka misses you.
There is a stone staircase leading up here.
The orc hits you from afar with a trident.
You die...

..####p#.## ..... .....# .##
#.#..###..... .....#
######.#..o..#'# ####+#....#
..........#..).#######...o....#
..........#.p......##.....So..#
.......####..g.....##......>..#
.......+........o..##.........#
.......#####..Sr...###........#
######## #...g@..# #........#
#...o...# #........# #.......#
########## #.......# #########


You could see a slave, an adder, 3 orcs, a quokka and 2 goblins.

Vanquished Creatures
  Monster Symbol All 'K'
  2 kobolds (D:1)
2 creatures vanquished. All 'S' 3 adders (D:2 D:4)
3 creatures vanquished. All 'a' A worker ant (D:4)
1 creature vanquished. All 'b' 2 bats (D:1 D:2)
2 creatures vanquished. All 'g' A gnoll (D:1) 10 goblins (D:1 D:2 D:4) 7 hobgoblins (D:1 D:2 D:4)
18 creatures vanquished. All 'h' A hound (D:4) 10 jackals (D:1 D:2 D:4)
11 creatures vanquished. All 'l' 2 giant geckos (D:2 D:1) 2 giant newts (D:4)
4 creatures vanquished. All 'o' 2 orc wizards (D:4) 2 orcs (D:4)
4 creatures vanquished. All 'r' 4 rats (D:1 D:2)
4 creatures vanquished. All 's' 5 giant cockroaches (D:2 D:1)
5 creatures vanquished. All 'w' 2 worms (D:2 D:3)
2 creatures vanquished.
56 creatures vanquished. Monster Nature Natural Monsters A worker ant (D:4) A hound (D:4) 2 orc wizards (D:4) A gnoll (D:1) 3 adders (D:2 D:4) 2 worms (D:2 D:3) 2 giant geckos (D:2 D:1) 2 orcs (D:4) 5 giant cockroaches (D:2 D:1) 10 goblins (D:1 D:2 D:4) 7 hobgoblins (D:1 D:2 D:4) 10 jackals (D:1 D:2 D:4) 2 bats (D:1 D:2) 2 giant newts (D:4) 2 kobolds (D:1) 4 rats (D:1 D:2)
56 creatures vanquished.
56 creatures vanquished. Ascending Order A worker ant (D:4) A hound (D:4) A gnoll (D:1) 2 orc wizards (D:4) 2 worms (D:2 D:3) 2 giant geckos (D:2 D:1) 2 orcs (D:4) 2 kobolds (D:1) 2 bats (D:1 D:2) 2 giant newts (D:4) 3 adders (D:2 D:4) 4 rats (D:1 D:2) 5 giant cockroaches (D:2 D:1) 7 hobgoblins (D:1 D:2 D:4) 10 goblins (D:1 D:2 D:4) 10 jackals (D:1 D:2 D:4)
56 creatures vanquished.

Notes
Turn   | Place    | Note
--------------------------------------------------------------
     0 | D:1      | Aarh the Ghoul Monk began the quest for the Orb.
     0 | D:1      | Reached XP level 1. HP: 19/19 MP: 0/0
   534 | D:1      | Reached XP level 2. HP: 22/24 MP: 1/1
   700 | D:2      | Reached XP level 3. HP: 13/29 MP: 2/2
   842 | D:2      | Noticed Sigmund
  1062 | D:2      | Reached skill level 3 in Dodging
  1299 | D:1      | Reached skill level 4 in Fighting
  1299 | D:1      | Reached XP level 4. HP: 40/40 MP: 3/3
  1383 | D:1      | Reached skill level 3 in Stealth
  1987 | D:3      | Noticed Terence
  2066 | D:4      | Reached XP level 5. HP: 18/47 MP: 4/4
  2200 | D:5      | Entered Level 5 of the Dungeon
  2269 | D:4      | Noticed a slave
  2369 | D:4      | Reached skill level 1 in Armour
  2386 | D:4      | Noticed a slave
  2386 | D:4      | Noticed a slave
  2387 | D:4      | Noticed Pikel
  2387 | D:4      | Noticed a slave
  2573 | D:4      | Found a sparkling altar of Nemelex Xobeh.
  2592 | D:4      | Reached skill level 5 in Unarmed Combat
  2778 | D:4      | Noticed Menkaure
  2786 | D:4      | Noticed Robin
  2816 | D:3      | HP: 10/46 [orc priest/divine providence (14)]
  2826 | D:3      | HP: 3/46 [orc/trident (8)]
  2829 | D:3      | Slain by an orc

Action                   |  1- 3 |  4- 6 || total
-------------------------+-------+-------++-------
Melee: Unarmed           |   121 |   176 ||   297
Throw: Stone             |       |     2 ||     2
  Use: Scroll            |       |     8 ||     8
       Potion            |       |     1 ||     1
 Stab: Sleeping          |     3 |       ||     3
  Eat: Chunk             |     7 |    12 ||    19
Dungeon Crawl Stone Soup version 0.17.1-2-g5865329 (webtiles) character file. 203 Aarh the Ruffian (level 5, 0/46 (47) HPs) Began as a Ghoul Monk on Feb 16, 2016. Slain by an orc ... wielding a +0 trident (3 damage) ... on level 3 of the Dungeon. The game lasted 00:15:15 (2829 turns). Aarh the Ruffian (Ghoul Monk) Turns: 2829, Time: 00:15:15 HP: 0/46 (47) AC: 6 Str: 15 XL: 5 Next: 81% MP: 4/4 EV: 8 Int: 6 God: Gold: 93 SH: 0 Dex: 11 Spells: 0 memorised, 4 levels left rFire . . . SeeInvis . - Unarmed rCold + . . Clarity . l - +0 leather armour rNeg + + + SustAt . (no shield) rPois ∞ Gourm . (no helmet) rElec . Spirit . (no cloak) rCorr . Warding . f - +1 pair of gloves rMut . Stasis . a - +0 pair of boots MR ..... (no amulet) Stlth ++........ (no ring) (no ring) @: rotting, not resistant to hostile enchantments, unstealthy A: rotting body, claws 1, carnivore 3, cold resistance 1, negative energy resistance 3, slow regeneration 1, torment resistance, unbreathing a: no special abilities Innate Abilities, Weirdness & Mutations Your body is rotting away. You thrive on raw meat. You are immune to poison. You have sharp fingernails. You are carnivorous and can eat meat at any time. Your flesh is cold resistant. You are immune to negative energy. You regenerate slowly when monsters are visible. You are immune to unholy pain and torment. You can survive without breathing. Skills: * Level 4.4 Fighting + Level 1.1 Armour * Level 3.9 Dodging * Level 3.5 Stealth + Level 5.0 Unarmed Combat You had 4 spell levels left. You didn't know any spells. You were on level 3 of the Dungeon. You were not hungry. You visited 1 branch of the dungeon, and saw 5 of its levels. You collected 93 gold pieces. You could see a slave, an adder, 3 orcs, a quokka and 2 goblins. Message History A hobgoblin comes into view. It is wielding a club. Menkaure shouts! The goblin shouts! Robin shouts! The hobgoblin shouts! Menkaure breathes soot at you. Robin throws the goblin at you! The slave shouts! The slave shouts! The slave hits you. The slave hits you but does no damage. The slave shouts! x2 Pikel says, "Who am I kidding? They'll work you to death!" Things that are here: a dagger; a robe There is a stone staircase leading up here. The slave closely misses you. You climb upwards. Level annotation: Terence An orc comes into view. It is wielding a dagger. The quokka bites you. The goblin hits you but does no damage. The quokka misses you. The goblin hits you but does no damage. There is a stone staircase leading down here. The orc shouts! The goblin closely misses you. There is an open door here. The orc priest invokes the aid of Beogh against you. Something smites you! The quokka barely misses you. A rat comes into view. The quokka closely misses you. The orc priest invokes the aid of Beogh against you. Something smites you! * * * LOW HITPOINT WARNING * * * There is an open door here. An adder comes into view. The quokka completely misses you. The rat barely misses you. A goblin comes into view. It is wielding a dagger. The orc priest miscasts a cantrip. You see here a leather armour. The quokka barely misses you. The orc shouts! x2 The goblin hits you but does no damage. The orc barely misses you. The orc priest casts a cantrip, but nothing happens. The orc hits you from afar with a trident! * * * LOW HITPOINT WARNING * * * The orc closely misses you. The quokka misses you. There is a stone staircase leading up here. The orc hits you from afar with a trident. You die...

Action                   |  1- 3 |  4- 6 || total
-------------------------+-------+-------++-------
Melee: Unarmed           |   121 |   176 ||   297
Throw: Stone             |       |     2 ||     2
  Use: Scroll            |       |     8 ||     8
       Potion            |       |     1 ||     1
 Stab: Sleeping          |     3 |       ||     3
  Eat: Chunk             |     7 |    12 ||    19
Notes Turn | Place | Note -------------------------------------------------------------- 0 | D:1 | Aarh the Ghoul Monk began the quest for the Orb. 0 | D:1 | Reached XP level 1. HP: 19/19 MP: 0/0 534 | D:1 | Reached XP level 2. HP: 22/24 MP: 1/1 700 | D:2 | Reached XP level 3. HP: 13/29 MP: 2/2 842 | D:2 | Noticed Sigmund 1062 | D:2 | Reached skill level 3 in Dodging 1299 | D:1 | Reached skill level 4 in Fighting 1299 | D:1 | Reached XP level 4. HP: 40/40 MP: 3/3 1383 | D:1 | Reached skill level 3 in Stealth 1987 | D:3 | Noticed Terence 2066 | D:4 | Reached XP level 5. HP: 18/47 MP: 4/4 2200 | D:5 | Entered Level 5 of the Dungeon 2269 | D:4 | Noticed a slave 2369 | D:4 | Reached skill level 1 in Armour 2386 | D:4 | Noticed a slave 2386 | D:4 | Noticed a slave 2387 | D:4 | Noticed Pikel 2387 | D:4 | Noticed a slave 2573 | D:4 | Found a sparkling altar of Nemelex Xobeh. 2592 | D:4 | Reached skill level 5 in Unarmed Combat 2778 | D:4 | Noticed Menkaure 2786 | D:4 | Noticed Robin 2816 | D:3 | HP: 10/46 [orc priest/divine providence (14)] 2826 | D:3 | HP: 3/46 [orc/trident (8)] 2829 | D:3 | Slain by an orc

Table legend:
 A = Turns spent in this place as a percentage of turns spent in the entire game.
 B = Non-inter-level travel turns spent in this place as a percentage of non-inter-level travel turns spent in the entire game.
 C = Inter-level travel turns spent in this place as a percentage of turns spent in this place.
 D = Turns resting spent in this place as a percentage of non-inter-level travel turns spent in this place.
 E = Turns spent auto-exploring this place as a percentage of non-inter-level travel turns spent in this place.
 F = Non-inter-level travel turns spent in this place divided by the number of levels of this place that you've seen.
                   A       B       C       D       E      F
               +-------+-------+-------+-------+-------+----------------------
         Total | 100.0 | 100.0 |   0.1 |   1.7 |   3.5 | 227.0
       Dungeon | 100.0 | 100.0 |   0.1 |   1.7 |   3.5 | 227.0
               +-------+-------+-------+-------+-------+----------------------

Table legend:
 A = Kills in this place as a percentage of kills in entire the game.
 B = Kills by you in this place as a percentage of kills by you in the entire game.
 C = Kills by friends in this place as a percentage of kills by friends in the entire game.
 D = Other kills in this place as a percentage of other kills in the entire game.
 E = Experience gained in this place as a percentage of experience gained in the entire game.
 F = Experience gained in this place divided by the number of levels of this place that you have seen.
                   A       B       C       D       E      F
               +-------+-------+-------+-------+-------+----------------------
         Total | 100.0 | 100.0 |  -nan |  -nan | 100.0 |  58.2
       Dungeon | 100.0 | 100.0 |  -nan |  -nan | 100.0 |  58.2
               +-------+-------+-------+-------+-------+----------------------

Vault maps used:
D:1:      enne_arrival_octagon_isle, hex_large, minivault_25
D:2:      moated_statue, uniq_sigmund
D:3:      wad_lake_hut, uniq_terence
D:4:      nemelex_deck, gammafunk_temple_overflow_statue, uniq_menkaure,
          uniq_pikel, uniq_robin
D:5:      first_bread
